 Dungeon Crawl Stone Soup version 0.26-a0-520-g952f204493 (webtiles) character file.

Game seed: 15884278706106433365

91 ANON1729 the Insei (level 4, -3/33 HPs)
             Began as a Demonspawn Transmuter on Aug 12, 2020.
             Killed from afar by an orc wizard (9 damage)
             ... with a puff of frost
             ... on level 3 of the Dungeon.
             The game lasted 00:03:50 (2765 turns).

ANON1729 the Insei (Demonspawn Transmuter)          Turns: 2765, Time: 00:03:51

Health: -3/33      AC:  3    Str: 11    XL:     4   Next: 33%
Magic:  7/7        EV: 12    Int: 15    God:
Gold:   66         SH:  0    Dex: 13    Spells: 1/7 levels left

rFire    . . .     SeeInvis .     - Unarmed
rCold    . . .     Faith    .   (no shield)
rNeg     . . .     Spirit   .   a - +0 robe
rPois    .         Reflect  .   (helmet currently unavailable)
rElec    .         Harm     .   i - +0 cloak
rCorr    .                      (no gloves)
MR       .....                  (boots currently unavailable)
Stlth    +.........             (no amulet)
HPRegen  0.11/turn              (no ring)
MPRegen  0.10/turn              (no ring)

@: appendages (expiring), drained
A: antennae 2, talons 2
a: End Transformation


You were on level 3 of the Dungeon.
You had grown temporary talons.
You visited 1 branch of the dungeon, and saw 3 of its levels.

You collected 66 gold pieces.

Inventory:

Armour
 a - a +0 robe (worn)
 i - a +0 cloak (worn)
 j - a +0 buckler
Scrolls
 b - 3 scrolls of teleportation {unknown}
 c - a scroll of remove curse {unknown}
 e - 2 scrolls of noise {unknown}
 h - 3 scrolls of identify {unknown}
Potions
 f - a potion of degeneration {unknown}
 g - a potion of mutation {unknown}
 k - a potion of berserk rage {unknown}


   Skills:
 + Level 2.0(1.4) Fighting
 + Level 2.4(1.7) Dodging
 * Level 3.2(2.6) Unarmed Combat
 + Level 2.4(1.8) Spellcasting
 * Level 2.3(1.7) Transmutations
 + Level 0.3(0.0) Poison Magic


You had one spell level left.
You knew the following spells:

 Your Spells              Type           Power        Failure   Level
a - Beastly Appendage     Tmut           #.....       11%         1
b - Wereblood             Tmut           #.......     17%         2
c - Spider Form           Tmut/Pois      #.........   43%         3

Your spell library contained the following spells:

 Spells                   Type           Power        Failure   Level
 Ice Form                 Ice/Tmut       #.......     83%         4
 Blade Hands              Tmut           #.........   97%         5


Dungeon Overview and Level Annotations

Branches:
Dungeon (3/15)

Altars:
Ashenzari
Makhleb

Annotations:
D:2 1 runed translucent door, Crazy Yiuf


Innate Abilities, Weirdness & Mutations

You have a pair of antennae on your head.
You have razor-sharp toenails.


Message History

Found a yellow potion.
You see here a +0 club.
You are too injured to fight recklessly!
You are too injured to fight recklessly!
You are too injured to fight recklessly!
You are too injured to fight recklessly!
You are too injured to fight recklessly!
You are too injured to fight recklessly!
You are too injured to fight recklessly!
You are too injured to fight recklessly!
You are too injured to fight recklessly!
You hear some strange, mumbled words.
A puff of flame appears from out of thin air!
The puff of flame hits you!
* * * LOW HITPOINT WARNING * * *
It was a potion of magic.
Magic courses through your body.
You hear some strange, mumbled words.
A puff of frost appears from out of thin air!
The puff of frost hits you!
You die...

#.#...............
#.#....###.##......#
###...................
.........###.##......#
##..................#
#.#....###.###.....## #
#........###>......
#.#....###...........
#...........@........
#.#....###.{###......
.............###....##
###...........{.o......
#.#....(.....).....#
#+####....†.......(..
.....###..#.#..#...
..........#.#..# #.
...........#.# .#


There were no monsters in sight!

Vanquished Creatures
  3 adders (D:2)
  2 oozes (D:1)
  A dart slug (D:1)
  A leopard gecko (D:2)
  An orc (D:3)
  4 ball pythons
  A giant cockroach (D:2)
  9 goblins
  A hobgoblin (D:1)
  6 jackals (D:2)
  2 kobolds
  7 bats
  4 frilled lizards
  9 rats
51 creatures vanquished.

Notes
Turn   | Place    | Note
-------+----------+-------------------------------------------
     0 | D:1      | ANON1729 the Demonspawn Transmuter began the quest for the
                  | Orb.
     0 | D:1      | Reached XP level 1. HP: 15/15 MP: 3/3
    99 | D:1      | Lost mutation: You have a pair of horns on your head.
                  | [demonic ancestry]
    99 | D:1      | Lost mutation: You have a pair of small horns on your head.
                  | [demonic ancestry]
    99 | D:1      | Gained mutation: You have a pair of small antennae on your
                  | head. [demonic ancestry]
    99 | D:1      | Reached XP level 2. HP: 19/21 MP: 3/5
   788 | D:1      | You fall into a shaft and drop 1 floor!
   927 | D:2      | Gained mutation: You have a pair of antennae on your head.
                  | [demonic ancestry]
   927 | D:2      | Reached XP level 3. HP: 26/26 MP: 2/6
   936 | D:2      | Reached skill level 3 in Unarmed Combat
  1435 | D:2      | Found a shattered altar of Ashenzari.
  1638 | D:2      | Found a runed translucent door.
  1639 | D:2      | Noticed Crazy Yiuf
  1670 | D:2      | Reached XP level 4. HP: 33/33 MP: 7/7
  1994 | D:2      | Found a burning altar of Makhleb.
  1994 | D:2      | Noticed an Executioner
  1998 | D:2      | Noticed a hellwing
  1998 | D:2      | Noticed a smoke demon
  2114 | D:2      | Learned a level 2 spell: Wereblood
  2118 | D:2      | Learned a level 3 spell: Spider Form
  2765 | D:3      | Killed from afar by an orc wizard

Illustrated notes

Levels and vault maps discovered:
D:1:      lightli_arrival_statuegarden, layout_basic, st_stairs_6
D:2:      layout_basic, ashenzari_conservatory_becter,
          makhleb_altar_promises_db, uniq_crazy_yiuf_cottage
D:3:      layout_basic, uniq_natasha, uniq_ijyb

Skill      XL: |  1  2  3  4 |
---------------+-------------+-----
Dodging        | 2 |  2.4
Transmutations | 2 |  2.3
Unarmed Combat | 3 |  3.2
Fighting       | 2 |  2.0
Spellcasting   | |  2.4
Poison Magic   | |  0.3

Action                   |  1- 3 |  4- 6 || total
-------------------------+-------+-------++-------
Melee: Unarmed           |   101 |    70 ||   171
       Kick              |    19 |     5 ||    24
       Headbutt          |     1 |       ||     1
       Punch             |     1 |       ||     1
 Cast: Beastly Appendage |    14 |     7 ||    21
  Use: Potion            |       |     1 ||     1
Armor: Robe              |    20 |    21 ||    41
Dodge: Dodged            |    54 |    44 ||    98

Table legend: (Time is in decaauts)
 A = Elapsed time spent in this place.
 B = Non-inter-level travel time spent in this place.
 C = Inter-level travel time spent in this place.
 D = Time resting spent in this place.
 E = Time spent auto-exploring this place.
 F = Levels seen in this place.
 G = Mean time per level.
                   A        B        C        D        E       F      G
               +--------+--------+--------+--------+--------+-----+--------+
         Total |   2756 |   2605 |    151 |    775 |   1462 |   3 |  918.7 |
       Dungeon |   2756 |   2605 |    151 |    775 |   1462 |   3 |  918.7 |
               +--------+--------+--------+--------+--------+-----+--------+

Top non-repeatable levels by time:
     D:2: 1422 daAuts
     D:1: 1264 daAuts
     D:3: 69 daAuts
